 Dungeon Crawl Stone Soup version 0.31-a0-845-g9abc20d24f (webtiles) character file.

Game seed: 4504867062701482962

114 Elsrick the Charlatan (level 5, 0/37 HPs)
             Began as a Human Artificer on Oct 1, 2023.
             Killed from afar by Ijyb (13 damage)
             ... with a bolt of dispelling energy
             ... on level 4 of the Dungeon.
             The game lasted 00:06:49 (2528 turns).

Elsrick the Charlatan (Human Artificer)             Turns: 2528, Time: 00:06:50

Health: 0/37       AC: 10    Str: 16    XL:     5   Next: 19%
Magic:  5/5        EV: 10    Int:  9    God:
Gold:   70         SH:  0    Dex: 13    Spells: 4/4 levels left

rFire   . . .        u - +2 short sword (drain)
rCold   . . .        (no shield)
rNeg    . . .        i - +0 ring mail
rPois   .            m - +0 helmet
rElec   .            (no cloak)
rCorr   +            (no gloves)
SInv    .            (no boots)
Will    +....        (no amulet)
Stlth   +            n - ring "Ibrutul" {Will+ rCorr AC+4 Str+2 Int-3}
HPRegen 0.26/turn    (no ring)
MPRegen 0.09/turn

%: no passive effects
@: no status effects
A: no striking features
a: no special abilities


You were on level 4 of the Dungeon.
You visited 1 branch of the dungeon, and saw 4 of its levels.

You collected 205 gold pieces.
You spent 135 gold pieces at shops.

Inventory:

Hand Weapons
 a - a +0 club
 f - a +0 flail
 u - a +2 short sword of draining (weapon)
Missiles
 x - 5 poisoned darts
Armour
 b - a +0 leather armour
 i - a +0 ring mail (worn)
 m - a +0 helmet (worn)
Magical Staves
 o - a staff of cold
Jewellery
 n - the ring "Ibrutul" (left hand) {Will+ rCorr AC+4 Str+2 Int-3}
   (You found it on level 2 of the Dungeon)

   [ring of protection]

   AC+4:      It affects your AC (+4).
   Str+2:     It affects your strength (+2).
   Int-3:     It affects your intelligence (-3).
   Will+:     It increases your willpower.
   rCorr:     It protects you from acid and corrosion.
 w - an amulet of magic regeneration
Wands
 c - a wand of flame (15) (quivered)
 d - a wand of charming (15)
 e - a wand of iceblast (5)
Scrolls
 h - a scroll of butterflies {unknown}
 j - 5 scrolls of identify {unknown}
 p - a scroll of fear {unknown}
 q - a scroll of enchant armour {unknown}
 r - a scroll of enchant weapon {unknown}
 s - a scroll of revelation {unknown}
 t - a scroll of amnesia {unknown}
Potions
 g - 4 potions of curing
 k - 3 potions of degeneration {unknown}
 l - 2 potions of enlightenment {unknown}
 v - a potion of ambrosia {unknown}
 z - a potion of cancellation {unknown}
 A - a potion of heal wounds {unknown}


   Skills:
 + Level 1.5 Fighting
 * Level 0.4 Short Blades
 - Level 2.7 Maces & Flails
 + Level 3.0 Armour
 + Level 1.3 Dodging
 + Level 1.0 Stealth
 + Level 3.3 Evocations


You had 4 spell levels left.
You didn't know any spells.
Your spell library contained the following spells:

 Spells                   Type           Power      Damage    Failure   Level
 Magic Dart               Conj           0%         1d3       58%         1
 Summon Small Mammal      Summ           0%         N/A       58%         1
 Searing Ray              Conj           0%         2d4       75%         2
 Call Canine Familiar     Summ           0%         N/A       92%         3
 Summon Guardian Golem    Hex/Summ       0%         N/A       92%         3
 Fulminant Prism          Conj/Hex       0%         3d5       100%        4


Dungeon Overview and Level Annotations

Branches:
Dungeon (4/15)
 Temple: D:4-7

Altars:
Dithmenos
Nemelex Xobeh
Wu Jian

Shops:
D:4 *

Annotations:
D:4 Ijyb


Message History

You feel sick.
You see here a +2 dagger of venom.
You feel sick.
You start resting.
You feel sick. x4
You are no longer poisoned.
You start resting.
HP restored.
Found an escape hatch in the ceiling.
As you open the door, it creaks loudly!
Found an ornate altar of the Wu Jian Council.
Ijyb the Twisted Goblin comes into view.
She is wielding a +0 dagger and carrying a wand of quicksilver.
Ijyb shouts!
An iguana comes into view.
The iguana hisses angrily.
You hit Ijyb but do no damage. Ijyb hits you but does no damage.
You hit Ijyb but do no damage. You drain Ijyb.
Ijyb is lightly wounded.
Ijyb hits you with a +0 dagger.
You closely miss Ijyb.
Ijyb is lightly wounded.
Ijyb closely misses you.
You hit Ijyb but do no damage.
Ijyb is lightly wounded.
Ijyb hits you with a +0 dagger.
You barely miss Ijyb.
Ijyb is lightly wounded.
Ijyb barely misses you.
You barely miss Ijyb.
Ijyb is lightly wounded.
Ijyb zaps a wand.
The bolt of dispelling energy hits you!!
Ouch! That really hurt!
The iguana bites you!
* * * LOW HITPOINT WARNING * * *
It was a potion of curing.
You feel better. Ijyb hits you with a +0 dagger.
The iguana bites you but does no damage.
You barely miss Ijyb.
Ijyb is lightly wounded.
Ijyb zaps a wand.
The bolt of dispelling energy hits you!
You die...

####.###
###..##...........## ##
....##.....#.....## .
##.##.....#........ ..
...#.....##........ ...
..............<.### ....
..##.#..#..####..##
..... ###..##..##.....
......###....#...#....##
......g@^.............##
......l....#..#.......#
...........#..........##
.###.....#.............#
#.#....##..#.....##...
#.#...........##.#...# .
...#...#....###..#.. .
....###.....###...#..
..... ............#..


You could see Ijyb (very drained) and an iguana.

Vanquished Creatures
  4 adders
  A worm (D:3)
  3 dart slugs (D:3)
  9 orcs (D:3)
  4 ball pythons
  4 endoplasms
  3 giant cockroaches
  6 goblins
  4 hobgoblins
  2 jackals (D:4)
  4 kobolds
  3 quokkas
  4 bats
  3 frilled lizards (D:2)
  4 rats
58 creatures vanquished.

Notes
Turn   | Place    | Note
-------+----------+-------------------------------------------
     0 | D:1      | Elsrick the Human Artificer began the quest for the Orb.
     0 | D:1      | Reached XP level 1. HP: 15/15 MP: 1/1
   282 | D:1      | You fall into a shaft and drop 1 floor!
   435 | D:1      | Reached XP level 2. HP: 18/21 MP: 2/2
   453 | D:1      | Reached skill level 1 in Maces & Flails
   868 | D:2      | Identified the ring "Ibrutul" {Will+ rCorr AC+4 Str+2
                  | Int-3}
   925 | D:2      | Reached XP level 3. HP: 25/26 MP: 3/3
  1040 | D:2      | Found a faded altar of an unknown god.
  1353 | D:3      | Reached XP level 4. HP: 30/32 MP: 4/4
  2033 | D:3      | Reached XP level 5. HP: 37/37 MP: 5/5
  2098 | D:3      | Found a sparkling altar of Nemelex Xobeh.
  2140 | D:4      | Found Batroawk's Assorted Antiques.
  2156 | D:4      | Bought a thin amethyst amulet for 135 gold pieces
  2412 | D:4      | Found a shadowy altar of Dithmenos.
  2507 | D:4      | Found an ornate altar of the Wu Jian Council.
  2519 | D:4      | Noticed Ijyb
  2528 | D:4      | Killed from afar by Ijyb

Illustrated notes

Levels and vault maps discovered:
D:1:      dpeg_arrival_line_fractal, layout_basic, glass_columns_a
D:2:      layout_rooms, hellmonk_ecumenical_altar_leap_of_faith,
          minmay_crystal_water
D:3:      layout_basic, general_overflow_altar, minmay_cut_off
D:4:      layout_cave_pools, mainiacjoe_overflow_cross_hatched,
          kennysheep_mini_moat, nicolae_stop_n_shop_2, minmay_misc_feat_rows,
          uniq_ijyb

Skill      XL: |  1  2  3  4  5 |
---------------+----------------+-----
Maces & Flails | 1 2 |  2.7
Armour         | 3 |  3.0
Fighting       | |  1.5
Short Blades   | |  0.4
Dodging        | |  1.3
Stealth        | |  1.0
Evocations     | |  3.3

Action                     |  1- 3 |  4- 6 || total
---------------------------+-------+-------++-------
  Melee: Flail             |    66 |    70 ||   136
         Club              |     8 |       ||     8
         Short sword       |       |    51 ||    51
         Punch             |       |     1 ||     1
    Use: Potion            |       |     1 ||     1
 Armour: Ring mail         |    42 |   105 ||   147
         Leather armour    |     7 |       ||     7
  Dodge: Dodged            |    35 |    92 ||   127

Table legend: (Time is in decaauts)
 A = Elapsed time spent in this place.
 B = Non-inter-level travel time spent in this place.
 C = Inter-level travel time spent in this place.
 D = Time resting spent in this place.
 E = Time spent auto-exploring this place.
 F = Levels seen in this place.
 G = Mean time per level.
                   A        B        C        D        E       F      G
               +--------+--------+--------+--------+--------+-----+--------+
         Total |   2569 |   2492 |     77 |    102 |   1720 |   4 |  642.2 |
       Dungeon |   2569 |   2492 |     77 |    102 |   1720 |   4 |  642.2 |
               +--------+--------+--------+--------+--------+-----+--------+

Top non-repeatable levels by time:
     D:3: 947 daAuts
     D:1: 832 daAuts
     D:2: 403 daAuts
     D:4: 387 daAuts
